AoeStats
← Master.L

Northern Isles

510416919Analyzed
1v1 RM · 1d ago on Sep 30, 2026· 23m 41s· 2 players
Game mode
Random Map
Map size
Tiny (2 player)
Population
200
Speed
Normal
Resources
Standard
Victory
Conquest
Starting age
Dark Age
Ending age
Imperial Age
RankedLock teamsTeams togetherTeam positionsShared explorationLock speedFull tech treeHidden civsTurbo modeCheats
Victory
Defeat
🇨🇳 Malay · China
989
+17
🇺🇸 Koreans · United States
1000
-51
Master.L
7:49 Loom
10:28 Feudal Age
10:42 Double-Bit Axe
14:36 Fishing Lines
16:28 Man-at-Arms
19:36 Castle Age
17:54 Stone Mining
26:40 Imperial Age
merakudo
15:45 Feudal Age
17:24 Wheelbarrow
16:35 Town Watch
19:59 Man-at-Arms
Connection lost

Rejoining the realm…

Still unreachable

The connection could not be restored.

Session expired

The server has moved on; the page needs a fresh start.